AoeStats
← 海峡

Arabia

508783177Analyzed
1v1 RM · 9d ago on Sep 24, 2026· 32m 47s· 2 players
Game mode
Random Map
Map size
Tiny (2 player)
Population
200
Speed
Normal
Resources
Standard
Victory
Conquest
Starting age
Dark Age
Ending age
Imperial Age
RankedLock teamsTeams togetherTeam positionsShared explorationLock speedFull tech treeHidden civsTurbo modeCheats
Victory
Defeat
🇨🇱 Bohemians · Chile
1598
+16
🇨🇳 Saxons · China
1605
-16
Alan_99
6:44 Loom
8:50 Feudal Age
9:41 Double-Bit Axe
9:56 Horse Collar
13:45 Wheelbarrow
14:44 Fletching
16:09 Padded Archer Armor
23:48 Castle Age
23:48 Crossbowman
24:30 Bodkin Arrow
29:26 Bow Saw
海峡
6:38 Loom
8:55 Feudal Age
9:21 Man-at-Arms
9:49 Double-Bit Axe
16:29 Fletching
19:25 Padded Archer Armor
19:32 Horse Collar
25:50 Castle Age
24:02 Scale Mail Armor
23:56 Gold Mining
24:42 Forging
26:28 Bodkin Arrow
25:56 Elite Skirmisher
27:42 Wheelbarrow
27:39 Bow Saw
29:43 Chain Mail Armor
29:31 Squires
29:21 Gambesons
30:05 Heavy Plow
31:23 Iron Casting
Connection lost

Rejoining the realm…

Still unreachable

The connection could not be restored.

Session expired

The server has moved on; the page needs a fresh start.